 Dungeon Crawl Stone Soup version 0.29.0-4-gdea44cf6ec (webtiles) character file.

Game seed: 12711518446240385172

1913 qw the Grappler (level 8, -1/78 HPs)
             Began as a Troll Cinder Acolyte on Sept 1, 2022.
             Was an Elder of Ignis.
             Slain by a hornet (4 damage)
             ... while paralysed by a hornet
             ... on level 7 of the Dungeon.
             The game lasted 00:02:34 (5357 turns).

qw the Grappler (Troll Cinder Acolyte)              Turns: 5357, Time: 00:02:34

Health: -1/78      AC: 14    Str: 25    XL:     8   Next: 95%
Magic:  8/8        EV:  1    Int: 10    God:    Ignis [****..]
Gold:   251        SH:  0    Dex:  5    Spells: 9/9 levels left

rFire   + + .      SeeInvis .     - Unarmed
rCold   . . .      Faith    .   (no shield)
rNeg    . . .      Spirit   .   a - +0 robe
rPois   .          Reflect  .   (helmet restricted)
rElec   .          Harm     .   g - +2 cloak
rCorr   .          Rampage  .   (gloves unavailable)
Will    .....                   (boots unavailable)
Stlth   +.........              (no amulet)
HPRegen 1.03/turn               c - ring of protection from fire
MPRegen 0.11/turn               (no ring)

@: paralysed, lethally poisoned (-1 -> -10), fiery-armoured, slowed
A: large, unfitting armour, claws 3, regeneration 1, shaggy fur 1, tough skin 1
a: Renounce Religion, Fiery Armour, Foxfire Swarm, Rising Flame


You were on level 7 of the Dungeon.
You worshipped Ignis.
Ignis was greatly pleased with you.
You visited 1 branch of the dungeon, and saw 7 of its levels.

You collected 320 gold pieces.
You spent 69 gold pieces at shops.


Innate Abilities, Weirdness & Mutations

You are too large for most types of armour.
You have claws for hands.
Your natural rate of healing is unusually fast.
You are covered in fur. (AC +1)
You have tough skin. (AC +1)


   Skills:
 - Level 4.0 Fighting
 - Level 2.0 Throwing
 - Level 1.0 Dodging
 + Level 11.0 Unarmed Combat
 - Level 1.0 Spellcasting
 - Level 2.1 Fire Magic


You had 9 spell levels left.
You didn't know any spells.
Your spell library contained the following spells:

 Spells                   Type           Power      Damage    Failure   Level
 Scorch                   Fire           8%         2d5       22%         2

Inventory:

Armour
 a - a +0 robe (worn)
 g - a +2 cloak (worn)
Jewellery
 c - a ring of protection from fire (left claw)
 e - a ring of ice
Scrolls
 i - 9 scrolls of identify
Potions
 b - a potion of resistance
 d - 6 potions of might
 k - 2 potions of curing

Dungeon Overview and Level Annotations

Branches:
Dungeon (7/15)             Temple (0/1) D:4

Altars:
Ashenzari
Dithmenos
Elyvilon
Gozag
Hepliaklqana
Makhleb
Qazlal

Shops:
D:6 *

Annotations:
D:3 3 runed translucent doors, Angmar's ghost, amateur DsSk


Message History

The hornet is moderately wounded.
The hornet stings you!
You are poisoned.
You feel as though you will be slow longer.
The hornet is burned by your cloak of flames.
The hornet is moderately wounded.
The hornet barely misses you.
You barely miss the hornet.
The hornet is moderately wounded.
You feel very sick. The hornet completely misses you. x2
You miss the hornet.
The hornet is moderately wounded.
You feel sick.
The hornet stings you but does no damage.
The hornet is burned by your cloak of flames.
The hornet is heavily wounded.
You miss the hornet.
The hornet is heavily wounded.
You feel sick. The hornet stings you!
You are more poisoned.
You suddenly lose the ability to move!
The hornet is burned by your cloak of flames.
The hornet is severely wounded.
The hornet stings you!
You feel as though you will be slow longer.
The hornet is burned by your cloak of flames.
The hornet is severely wounded.
You feel very sick. The hornet stings you!
You are lethally poisoned!
You feel as though you will be slow longer.
The hornet is burned by your cloak of flames.
The hornet is almost dead.
The hornet stings you but does no damage.
The hornet is burned by your cloak of flames.
The hornet is almost dead.
You feel very sick. The hornet stings you.
You die...

..## #......#
....####.....#
#....#.#.....##
#.............#
#...<....#
#..####...#
##.# .# ##y#
#<@# .........#
#..##...## #
#.#.(# .......
##...#..
...##.# ##.#
...


You could see a hornet.

Vanquished Creatures
  Duvessa (D:4)
  A water moccasin (D:4)
  2 black bears
  An ice beast (D:5)
  2 ogres (D:4)
  A kobold brigand (D:6)
  4 scorpions
  Dowan (D:4)
  4 killer bees
  A howler monkey (D:4)
  2 jellies
  3 hounds
  An orc priest (D:3)
  4 iguanas (D:6)
  3 orc wizards
  Natasha (thrice) (D:4)
  Robin (D:3)
  6 adders
  3 gnolls (D:5)
  A shadow imp (D:6)
  A white imp (D:6)
  3 worms
  A dart slug (D:1)
  14 orcs
  5 ball pythons
  9 endoplasms
  3 giant cockroaches
  16 goblins
  11 hobgoblins
  4 jackals (D:3)
  6 quokkas
  6 bats
  5 frilled lizards
  9 kobolds
  3 rats
141 creatures vanquished.

Notes
Turn   | Place    | Note
-------+----------+-------------------------------------------
     0 | D:1      | qw the Troll Cinder Acolyte began the quest for the Orb.
     0 | D:1      | Reached XP level 1. HP: 22/22 MP: 1/1
     0 | D:1      | 0 ||| qw: Version: 0.1-a-97-g2dd2ca4
     0 | D:1      | 0 ||| qw: Game counter: 4852
     0 | D:1      | 0 ||| qw: Always use a shield: true
     0 | D:1      | 0 ||| qw: God list: Okawaru
     0 | D:1      | 0 ||| qw: Allow faded altars: false
     0 | D:1      | 0 ||| qw: Do Orc after D:15 true
     0 | D:1      | 0 ||| qw: Do second Lair branch before Depths: true
     0 | D:1      | 0 ||| qw: Lair rune preference: random
     0 | D:1      | 0 ||| qw: Plans: Normal
     0 | D:1      | 0 ||| PLANNING D:1-11
   104 | D:1      | 104 ||| Stepping ~*~*~tactically~*~*~ (stealth).
   105 | D:1      | 105 ||| Stepping ~*~*~tactically~*~*~ (outnumbered).
   109 | D:1      | Reached XP level 2. HP: 29/29 MP: 2/2
   217 | D:1      | Found a faded altar of an unknown god.
   334 | D:1      | Reached skill level 4 in Unarmed Combat
   611 | D:1      | Reached XP level 3. HP: 34/36 MP: 3/3
   761 | D:1      | 761 ||| READING scroll labelled ZEVUUF LEDOTHRE.
   766 | D:1      | 766 ||| READING scroll labelled WOUFUNT ROVO.
   767 | D:1      | 767 ||| READING 2 scrolls labelled NOFONU GUUN.
   768 | D:1      | 768 ||| READING scroll labelled HINOF BYEVEX FAI.
   769 | D:1      | 769 ||| DRINKING 2 orange potions.
   829 | D:2      | 829 ||| Stepping ~*~*~tactically~*~*~ (stealth).
   830 | D:2      | 830 ||| Stepping ~*~*~tactically~*~*~ (stealth).
   940 | D:2      | 940 ||| Stepping ~*~*~tactically~*~*~ (stealth).
   999 | D:2      | 999 ||| Stepping ~*~*~tactically~*~*~ (outnumbered).
  1001 | D:2      | 1001 ||| Stepping ~*~*~tactically~*~*~ (outnumbered).
  1737 | D:2      | 1737 ||| DROPPING orb of mayhem.
  1738 | D:2      | 1738 ||| READING scroll labelled WEVUYLETOJ.
  1739 | D:2      | 1739 ||| DRINKING 2 bubbling emerald potions.
  1740 | D:2      | 1740 ||| DRINKING 2 smoky red potions.
  1741 | D:2      | 1741 ||| READING 4 scrolls of identify.
  1741 | D:2      | 1741 ||| IDENTIFYING fizzy black potion
  1742 | D:2      | 1742 ||| READING 3 scrolls of identify.
  1742 | D:2      | 1742 ||| IDENTIFYING bubbling golden potion
  1743 | D:2      | 1743 ||| READING 2 scrolls of identify.
  1743 | D:2      | 1743 ||| IDENTIFYING silvery potion
  1744 | D:2      | 1744 ||| DROPPING potion of ambrosia.
  1745 | D:2      | 1745 ||| DROPPING potion of attraction.
  1746 | D:2      | 1746 ||| DROPPING potion of degeneration.
  1747 | D:2      | 1747 ||| DROPPING potion of flight.
  1806 | D:3      | Noticed Angmar's ghost (amateur DsSk)
  1809 | D:3      | Found a runed translucent gate.
  1810 | D:3      | Found a runed translucent gate.
  1810 | D:3      | Found a runed translucent gate.
  1810 | D:3      | Noticed a scorpion
  1881 | D:3      | 1881 ||| Stepping ~*~*~tactically~*~*~ (stealth).
  1884 | D:3      | 1884 ||| Stepping ~*~*~tactically~*~*~ (stealth).
  1890 | D:3      | Reached XP level 4. HP: 44/44 MP: 4/4
  1890 | D:3      | Noticed Robin
  1891 | D:3      | 1891 ||| Stepping ~*~*~tactically~*~*~ (hiding).
  1896 | D:3      | 1896 ||| INVOKING Fiery Armour.
  1903 | D:3      | Killed Robin
  1904 | D:3      | Reached skill level 1 in Throwing
  1915 | D:3      | Reached skill level 5 in Unarmed Combat
  2001 | D:3      | 2001 ||| Stepping ~*~*~tactically~*~*~ (outnumbered).
  2017 | D:3      | 2017 ||| Stepping ~*~*~tactically~*~*~ (hiding).
  2029 | D:3      | Reached XP level 5. HP: 29/50 MP: 5/5
  2192 | D:3      | 2192 ||| Stepping ~*~*~tactically~*~*~ (stealth).
  2198 | D:3      | 2198 ||| Stepping ~*~*~tactically~*~*~ (stealth).
  2199 | D:3      | 2199 ||| Stepping ~*~*~tactically~*~*~ (stealth).
  2275 | D:3      | 2275 ||| Stepping ~*~*~tactically~*~*~ (stealth).
  2277 | D:3      | 2277 ||| Stepping ~*~*~tactically~*~*~ (hiding).
  2289 | D:3      | 2289 ||| INVOKING Fiery Armour.
  2300 | D:3      | Reached skill level 6 in Unarmed Combat
  2359 | D:3      | Found a broken altar of Ashenzari.
  2525 | D:3      | 2525 ||| UPGRADING to ring of protection from fire.
  2526 | D:3      | 2526 ||| READING scroll labelled TEJUOV VEBBIG.
  2527 | D:3      | 2527 ||| READING scroll of teleportation.
  2602 | D:3      | 2602 ||| Stepping randomly (stuck).
  2669 | D:4      | Reached XP level 6. HP: 54/59 MP: 6/6
  2709 | D:4      | Noticed Natasha
  2720 | D:4      | Killed Natasha
  2762 | D:4      | Noticed Duvessa
  2762 | D:4      | Noticed Dowan
  2763 | D:4      | 2763 ||| INVOKING Fiery Armour.
  2765 | D:4      | Killed Duvessa
  2766 | D:4      | Reached skill level 7 in Unarmed Combat
  2767 | D:4      | Killed Dowan
  2877 | D:4      | Noticed Natasha
  2878 | D:4      | 2878 ||| Stepping ~*~*~tactically~*~*~ (hiding).
  2883 | D:4      | Killed Natasha
  3006 | D:4      | Found a staircase to the Ecumenical Temple.
  3063 | D:4      | Noticed Natasha
  3066 | D:4      | Killed Natasha
  3075 | D:4      | Reached skill level 8 in Unarmed Combat
  3075 | D:4      | Reached XP level 7. HP: 50/66 MP: 7/7
  3273 | D:4      | Reached skill level 3 in Fighting
  3667 | D:4      | 3667 ||| READING scroll labelled DULIET GOERPHAU.
  3668 | D:4      | 3668 ||| READING 3 scrolls of identify.
  3668 | D:4      | 3668 ||| IDENTIFYING lumpy puce potion
  3669 | D:4      | 3669 ||| READING 2 scrolls of identify.
  3669 | D:4      | 3669 ||| IDENTIFYING clear potion
  3670 | D:4      | 3670 ||| DROPPING potion of brilliance.
  3701 | D:3      | 3701 ||| Stepping randomly (stuck).
  3841 | D:5      | Entered Level 5 of the Dungeon
  3845 | D:5      | 3845 ||| STAIRDANCE
  3851 | D:4      | Reached skill level 9 in Unarmed Combat
  3939 | D:5      | 3939 ||| Stepping ~*~*~tactically~*~*~ (stealth).
  3966 | D:5      | Found a stormy altar of Qazlal.
  4032 | D:5      | Found a hazy altar of Hepliaklqana.
  4035 | D:5      | Found a shadowy altar of Dithmenos.
  4039 | D:5      | Found a white marble altar of Elyvilon.
  4069 | D:5      | Found an opulent altar of Gozag.
  4133 | D:5      | Reached XP level 8. HP: 75/75 MP: 8/8
  4136 | D:5      | 4136 ||| INVOKING Fiery Armour.
  4141 | D:5      | 4141 ||| Stepping ~*~*~tactically~*~*~ (outnumbered).
  4142 | D:5      | 4142 ||| Stepping ~*~*~tactically~*~*~ (outnumbered).
  4144 | D:5      | Reached skill level 1 in Dodging
  4145 | D:5      | 4145 ||| Stepping ~*~*~tactically~*~*~ (outnumbered).
  4242 | D:5      | 4242 ||| Stepping ~*~*~tactically~*~*~ (hiding).
  4456 | D:5      | Found the +8 trident of the Octopus King {venom, rElec
                  | rPois}
  4583 | D:6      | 4583 ||| Stepping ~*~*~tactically~*~*~ (hiding).
  4585 | D:6      | 4585 ||| Stepping ~*~*~tactically~*~*~ (hiding).
  4638 | D:6      | Found a burning altar of Makhleb.
  4651 | D:6      | Reached skill level 10 in Unarmed Combat
  5042 | D:6      | Found Puplotac's Assorted Antiques.
  5045 | D:6      | 5045 ||| BUYING fizzy pink potion (21 gold).
  5045 | D:6      | Bought a fizzy pink potion for 21 gold pieces
  5045 | D:6      | 5045 ||| BUYING scroll of identify (48 gold).
  5045 | D:6      | Bought a scroll of identify for 48 gold pieces
  5230 | D:6      | 5230 ||| UPGRADING to +2 cloak.
  5235 | D:6      | 5235 ||| READING scroll labelled URROINU PIEN.
  5236 | D:6      | 5236 ||| READING 10 scrolls of identify.
  5236 | D:6      | 5236 ||| IDENTIFYING fizzy pink potion
  5260 | D:7      | 5260 ||| STAIRDANCE
  5268 | D:6      | 5268 ||| INVOKING Fiery Armour.
  5269 | D:6      | HP: 19/78 [killer bee (6)]
  5270 | D:6      | 5270 ||| DRINKING potion of heal wounds.
  5339 | D:7      | Reached skill level 11 in Unarmed Combat
  5344 | D:7      | Noticed a hornet
  5355 | D:7      | Paralysed by a hornet for 3 turns
  5356 | D:7      | HP: 7/78 [hornet (13)]
  5357 | D:7      | HP: 3/78 [poisoned by a hornet]
  5357 | D:7      | Slain by a hornet

Levels and vault maps discovered:
D:1:      beargit_arrival_diablo_church, layout_basic, basic_ecumenical_altar
D:2:      layout_basic
D:3:      layout_loops_ring, nicolae_overflow_hidden_temple,
          gammafunk_ghost_split, chequers_mini_garden, uniq_robin
D:4:      layout_loops_ring, minmay_temple_entry_drinking_statues,
          kennysheep_small_spiral, uniq_duvessa, uniq_natasha
D:5:      layout_basic, general_overflow_altar,
          nicolae_qazlal_general_emergency, grunt_temple_overflow_diamond
D:6:      layout_basic, mainiacjoe_overflow_paths, serial_shops,
          kennysheep_mini_moat, kennysheep_generic_room_11
D:7:      layout_cave_pools, gammafunk_ghost_abyssal_escape, uniq_prince_ribbit1

Skill      XL: |  1  2  3  4  5  6  7  8 |
---------------+-------------------------+-----
Unarmed Combat | 4 5 6 8 9 11 | 11.0
Throwing       | 1 2 |  2.0
Fighting       | 3 4 |  4.0
Dodging        | 1 |  1.0
Spellcasting   | |  1.0
Fire Magic     | |  2.1

Action                   |  1- 3 |  4- 6 |  7- 9 || total
-------------------------+-------+-------+-------++-------
Melee: Unarmed           |   103 |   104 |   100 ||   307
       Punch             |     1 |     1 |     5 ||     7
Throw: Javelin           |     8 |    33 |    30 ||    71
Invok: Fiery Armour      |       |     3 |     2 ||     5
  Use: Scroll            |     8 |     2 |     5 ||    15
       Potion            |     3 |       |     1 ||     4
Armor: Robe              |    37 |    30 |    32 ||    99
Dodge: Dodged            |    33 |    29 |    51 ||   113

Table legend:
 A = Non-vault XP
 B = Vault XP
 C = Vault XP percentage of total XP
 D = Non-vault monster count
 E = Vault monster count
 F = Vault count percentage of total count
                 A         B        C        D         E       F
            +---------+---------+-------+---------+---------+-------
      Total |    2403 |     331 |  12.1 |     124 |      17 |  12.1
            +---------+---------+-------+---------+---------+-------
        D:1 |      42 |       0 |   0.0 |      23 |       0 |   0.0
        D:2 |      47 |       0 |   0.0 |      17 |       0 |   0.0
        D:3 |     168 |      37 |  18.0 |      28 |      13 |  31.7
        D:4 |     762 |     257 |  25.2 |      20 |       3 |  13.0
        D:5 |     516 |       0 |   0.0 |      16 |       0 |   0.0
        D:6 |     809 |      37 |   4.4 |      19 |       1 |   5.0
        D:7 |      59 |       0 |   0.0 |       1 |       0 |   0.0
            +---------+---------+-------+---------+---------+-------
